[Event "*** Titled Tuesday Blitz"]
[Site "Chess.com"]
[Date "2020.05.12"]
[Round "9"]
[White "rasmussvane"]
[Black "Rodalquilar"]
[Result "1-0"]
[WhiteElo "2885"]
[BlackElo "2617"]
[TimeControl "180+1"]
[EndTime "11:43:17 PDT"]
[Termination "rasmussvane won on time"]

1. Nf3 d5 2. g3 Nf6 3. Bg2 e6 4. O-O Be7 5. c4 O-O 6. b3 d4 7. e3 c5 8. Ne5 Nfd7 9. exd4 cxd4 10. Nxd7 Qxd7 11. d3 f6 12. Ba3 Bxa3 13. Nxa3 Nc6 14. Rc1 a5 15. c5 Nb4 16. Nc4 Ra6 17. Qd2 e5 18. Nb6 Qb5 19. a3 Qxd3 20. Qxd3 Nxd3 21.
Bd5+ Kh8 22. Nxc8 Nxc1 23. Rxc1 Rxc8 24. Bxb7 Raa8 25. Bxa8 Rxa8 26. b4 axb4 27. axb4 d3 28. c6 Kg8 29. b5 Rc8 30. Rb1 Kf7 31. Kg2 Ke6 32. b6 Kd6 33. c7 d2 34. b7 Kxc7 35.
bxc8=Q+ Kxc8 36. Rd1 1-0

[Event "*** Titled Tuesday Blitz"]
[Site "Chess.com"]
[Date "2020.05.12"]
[Round "9"]
[White "LiemLe"]
[Black "Chepaschess"]
[Result "1-0"]
[WhiteElo "2965"]
[BlackElo "2777"]
[TimeControl "180+1"]
[EndTime "11:43:19 PDT"]
[Termination "LiemLe won by resignation"]

1. Nf3 c5 2. c4 Nc6 3. Nc3 g6 4. e3 Nf6 5. d4 cxd4 6. exd4 d5 7. cxd5 Nxd5 8. Bc4 Nb6 9. Bb3 Bg7 10. d5 Na5 11. O-O O-O 12. h3 Nxb3 13. axb3 e6 14. d6 Bd7 15. Be3 Bc6 16. Bc5 Re8 17. Re1 e5 18. Nd2 Re6 19. Nc4 Nxc4 20. bxc4 Rc8 21. Ba3 Bf8 22. c5 Qg5 23. Qg4 Qxg4 24. hxg4 f6 25. b4 a6 26. Bb2 Kf7 27. Rad1 h5 28. g5 fxg5 29. Ne4 Bxe4 30. Rxe4 Bg7 31. f3 Rd8 32. Rd5 Rde8 33. Kf2 Bf6 34. Ke2 g4 35.
fxg4 hxg4 36. Rxg4 e4 37. Rf4 Rd8 38. Ke3 Kg7 39.
Rxf6 Rxf6 40. Kxe4 Kf7 41. Bxf6 Kxf6 42. Re5 Rh8 43.
Kd5 Rh1 44. Re6+ Kf7 45. Re7+ 1-0

[Event "*** Titled Tuesday Blitz"]
[Site "Chess.com"]
[Date "2020.05.12"]
[Round "9"]
[White "YaWaleriy"]
[Black "Jbd735"]
[Result "0-1"]
[WhiteElo "2247"]
[BlackElo "2444"]
[TimeControl "180+1"]
[EndTime "11:43:19 PDT"]
[Termination "Jbd735 won by checkmate"]

1. d4 d5 2. Nf3 Nf6 3. c4 c6 4.
e3 e6 5. Bd3 Nbd7 6. O-O Bd6 7.
Nc3 dxc4 8. Bxc4 b5 9. Bd3 a6 10. a4 b4 11. Nb1 c5 12. Nbd2 Bb7 13. Nc4 Bc7 14. Qe2 O-O 15. e4 cxd4 16. e5 Ng4 17.
Bxh7+ Kh8 18. Be4 Bd5 19. Ng5 f5 20. Bxd5 exd5 21. Ne6 Qh4 22. h3 dxc4 23. Nxf8 Rxf8 24. hxg4 fxg4 25. g3 Qh3 26. Bf4 g5 27. Bxg5 Nxe5 28. f4 gxf3 29. Qh2 Qxh2+ 30. Kxh2 Ng4+ 31. Kg1 Bxg3 32. Rad1 d3 33. Rc1 f2+ 34. Kg2 Bf4 35. Bxf4 Rxf4 36.
Rh1+ Kg7 37. Kg3 Rd4 38. Rh4 d2 39. Rd1 c3 40. bxc3 bxc3 41. Rxg4+ Rxg4+ 42. Kxg4 c2 43. Rxd2 c1=Q 44. Rxf2 Qd1+ 45. Kg3 Qxa4 46. Rf4 Qb5 47. Rg4+ Kf6 48. Rf4+ Ke5 49. Rg4 Qd3+ 50. Kh4 Qh7+ 51. Kg3 Qd3+ 52. Kh4 Qe2 53. Rg5+ Kf4 54. Rg6 Qh2# 0-1

[Event "*** Titled Tuesday Blitz"]
[Site "Chess.com"]
[Date "2020.05.12"]
[Round "9"]
[White "javirec"]
[Black "ShieldingOff"]
[Result "1-0"]
[WhiteElo "2289"]
[BlackElo "2048"]
[TimeControl "180+1"]
[EndTime "11:43:19 PDT"]
[Termination "javirec won on time"]

1. e4 c5 2. Nf3 Nc6 3. d4 cxd4 4. Nxd4 e5 5. Nb5 d6 6. a4 a6 7. N5a3 Be6 8. Bc4 Bxc4 9. Nxc4 Nf6 10. Nc3 Rc8 11. a5 Nd4 12. Nb6 Rc5 13. O-O Rxa5 14.
Rxa5 Qxb6 15. Ra2 Be7 16. Be3 O-O 17. Ne2 Nxe2+ 18. Qxe2 Qc6 19. f3 Rc8 20. c3 d5 21.
exd5 Nxd5 22. Kh1 b5 23. Raa1 h5 24. Rad1 h4 25. Qd3 Nxe3 26. Qxe3 Bf6 27. Qe4 h3 28. Qxc6 Rxc6 29. gxh3 a5 30. Rd3 b4 31. Ra1 Rc5 32.
Kg2 g6 33. Kf2 Kf8 34. Ke2 Ke7 35. Kd2 b3 36. Ra3 Rb5 37. c4 Rc5 38. Rdxb3 Rxc4 39. Rxa5 Bg5+ 40. Kd3 Rd4+ 41. Kc2 Rd2+ 42. Kb1 Bf4 43.
Ra6 Rxh2 44. Rb7+ Kf8 45. Rf6 Rxh3 46. Rfxf7+ Kg8 47. Rfc7 1-0

[Event "*** Titled Tuesday Blitz"]
[Site "Chess.com"]
[Date "2020.05.12"]
[Round "9"]
[White "kot60"]
[Black "mshuaau0"]
[Result "0-1"]
[WhiteElo "2318"]
[BlackElo "2185"]
[TimeControl "180+1"]
[EndTime "11:43:19 PDT"]
[Termination "mshuaau0 won on time"]

1. e4 e5 2. Nc3 Nc6 3. f4 exf4 4. d4 Bb4 5. Bxf4 Nf6 6. Qd3 Bxc3+ 7.
bxc3 Qe7 8. e5 Nd5 9. Bg3 d6 10.
Nf3 dxe5 11. dxe5 Be6 12. Rb1 Nb6 13. Qe4 Bd5 14. Qf4 Bxa2 15. Rd1 Qc5 16. Bd3 Bc4 17. Bf2 Qb5 18. O-O Bxd3 19. cxd3 O-O 20. d4 Nd5 21. Qd2 Qc4 22. Rb1 b6 23. Rfc1 a5 24. Be1 f6 25.
exf6 Rxf6 26. Bg3 Raf8 27. h3 Rxf3 28. gxf3 Rxf3 29. Kg2 Rd3 30. Qe1 Ne3+ 31. Kh2 Qd5 32. Qe2 Qe4 33. Re1 Ne7 34. Bxc7 N7f5 35. Rxb6 Rxc3 0-1

[Event "*** Titled Tuesday Blitz"]
[Site "Chess.com"]
[Date "2020.05.12"]
[Round "9"]
[White "crescentmoon2411"]
[Black "LizaSolovyova"]
[Result "0-1"]
[WhiteElo "2776"]
[BlackElo "2609"]
[TimeControl "180+1"]
[EndTime "11:43:21 PDT"]
[Termination "LizaSolovyova won by resignation"]

1. e4 e5 2. Nf3 d6 3. d4 Qe7 4.
Nc3 c6 5. Be2 h6 6. O-O Nf6 7.
Re1 Qc7 8. a4 a5 9. Bf1 Be7 10.
h3 g5 11. dxe5 dxe5 12. Nd2 g4 13.
h4 g3 14. fxg3 Bc5+ 15. Kh1 Ng4 16. Qf3 Qe7 17. Nd1 Rg8 18. Nb3 Bb6 19. Be3 Nd7 20.
Bxb6 Nxb6 21. Ne3 Be6 22. Nxg4 Rxg4 23. Qe3 Nd7 24. Nd2 O-O-O 25. Be2 Rg6 26. Nf1 Qc5 27.
Bd3 h5 28. Kh2 Rdg8 29. Qxc5 Nxc5 30. Re3 Rd8 31. Be2 Bg4 32. b3 Rd4 33. Re1 Rxe4 34.
Rxe4 Nxe4 35. Bd3 f5 36. Bxe4 fxe4 37. Rxe4 Bf5 38. Re2 Kc7 39. Ne3 Be6 40. Rf2 Kd6 41. Rf8 Kc5 42. Rd8 Rf6 43. Kg1 b6 44. Rd2 Kb4 45.
Rd6 Kc5 46. Nc4 b5 47. axb5 cxb5 48. Ra6 bxc4 49. Rxa5+ Kd4 50. bxc4 Bxc4 51. c3+ Ke4 52. Ra4 Kd3 53. Ra5 e4 0-1

[Event "*** Titled Tuesday Blitz"]
[Site "Chess.com"]
[Date "2020.05.12"]
[Round "9"]
[White "RianKapriaga"]
[Black "TrenerChos"]
[Result "0-1"]
[WhiteElo "2220"]
[BlackElo "2384"]
[TimeControl "180+1"]
[EndTime "11:43:21 PDT"]
[Termination "TrenerChos won on time"]

1. d4 Nf6 2. Nf3 c5 3. e3 e6 4. b3 d5 5. Bb2 Be7 6. Nbd2 cxd4 7. exd4 O-O 8. Bd3 Nc6 9. a3 a5 10.
O-O b6 11. Re1 Ba6 12. c4 a4 13. b4 dxc4 14. Nxc4 Nd5 15. Rc1 Nf4 16. Bb1 Bb5 17. g3 Nd5 18. Nfe5 Nxe5 19. Nxe5 Rc8 20. Qh5 Nf6 21.
Qg5 Qd5 22. h4 h6 23. Qe3 Bd6 24. f3 Rxc1 25. Rxc1 Nd7 26. g4 Nxe5 27. dxe5 Be7 28. g5 hxg5 29. hxg5 g6 30. Kf2 Rd8 31. Kg3 Qd2 32.
Qxd2 Rxd2 33. Bc3 Re2 34. f4 Bc6 35. Bd4 Bd5 36. Bxb6 Rg2+ 37. Kh3 Rb2 38. Bd3 Rb3 39. Rc8+ Kg7 0-1

[Event "*** Titled Tuesday Blitz"]
[Site "Chess.com"]
[Date "2020.05.12"]
[Round "9"]
[White "spela91"]
[Black "Azoulas1"]
[Result "0-1"]
[WhiteElo "2069"]
[BlackElo "1934"]
[TimeControl "180+1"]
[EndTime "11:43:21 PDT"]
[Termination "Azoulas1 won on time"]

1. d4 Nf6 2. c4 c5 3. Nf3 cxd4 4. Nxd4 Nc6 5. Nc3 e6 6. a3 Be7 7.
g3 O-O 8. Bg2 a6 9. O-O Qc7 10.
Nxc6 bxc6 11. e4 Bb7 12. Qe2 Rad8 13. Rd1 Bc5 14. e5 Ne8 15. b4 Be7 16. c5 f6 17. f4 Ra8 18. Bb2 a5 19. Ne4 Ba6 20. Qd2 f5 21. Qxd7 fxe4 22. Qxc7 Nxc7 23. Rd7 Nd5 24. Bxe4 Bc8 25. Rd6 Bxd6 26. cxd6 axb4 27. a4 Bd7 28. Bd4 Nc3 29. Bf3 Rfb8 30. Rc1 Rxa4 31. Bxc3 bxc3 32. Rxc3 Ra1+ 33. Kg2 Rb2+ 34. Kh3 Ra6 35.
Bxc6 Rxc6 36. Rxc6 Bxc6 37. d7 Bxd7 38. f5 exf5 39. e6 Bxe6 40. g4 fxg4+ 41. Kh4 Rxh2+ 42. Kg3 Rh3+ 43. Kg2 g3 44. Kg1 Rh2 45. Kf1 Ra2 0-1

[Event "*** Titled Tuesday Blitz"]
[Site "Chess.com"]
[Date "2020.05.12"]
[Round "9"]
[White "XDPS"]
[Black "Skatchkov_V"]
[Result "1-0"]
[WhiteElo "2684"]
[BlackElo "2552"]
[TimeControl "180+1"]
[EndTime "11:43:23 PDT"]
[Termination "XDPS won by resignation"]

1. d4 Nf6 2. Bf4 e6 3. e3 d5 4.
Nf3 Bd6 5. Nbd2 c5 6. c3 Nc6 7.
Bg3 O-O 8. Bb5 Qc7 9. dxc5 Bxg3 10. hxg3 Ne7 11. b4 b6 12. cxb6 Qxc3 13. bxa7 Qxb4 14. a4 Rxa7 15. O-O Ba6 16. Rb1 Qd6 17. Nc4 Qc5 18. Nce5 Bxb5 19. axb5 Rb8 20. Qd4 Rc7 21. b6 Qxd4 22.
bxc7 Rxb1 23. Nxd4 Rxf1+ 24. Kxf1 Ne8 25. Nec6 Nc8 26.
Nb5 Kf8 27. f4 f5 28. Kf2 h6 29. Ke2 g5 30. Kd3 Kf7 31. Kd4 Ned6 32. Nxd6+ Nxd6 33. Kc5 Nc8 34. Nd8+ Ke7 35. Kc6 h5 36. Kb7 Kd7 37.
Nf7 Nd6+ 38. Nxd6 1-0

[Event "*** Titled Tuesday Blitz"]
[Site "Chess.com"]
[Date "2020.05.12"]
[Round "9"]
[White "csati17"]
[Black "Norival"]
[Result "1-0"]
[WhiteElo "2549"]
[BlackElo "2619"]
[TimeControl "180+1"]
[EndTime "11:43:23 PDT"]
[Termination "csati17 won by resignation"]

1. c4 e5 2. g3 Nf6 3. Bg2 d5 4. cxd5 Nxd5 5. Nc3 Nb6 6. Nf3 Nc6 7. O-O Be7 8. a3 a5 9. d3 O-O 10. Be3 Be6 11. Rc1 f6 12. Nd2 Rf7 13. Bxb6 cxb6 14. Nb5 Rc8 15. Qa4 Bf8 16. Rc2 Nb8 17. Rfc1 Rxc2 18.
Qxc2 Na6 19. h3 Nc5 20. a4 Na6 21. Kh2 Nb4 22. Qd1 f5 23. Nf3 Qf6 24. Nc7 Bd7 25.
Qb3 h6 26. Nd2 Bc6 27. Nd5 Nxd5 28. Bxd5 Bxd5 29. Qxd5 Qd6 30. Qb3 e4 31. Nc4 Qe6 32.
Qxb6 Qxb6 33. Nxb6 exd3 34. exd3 f4 35. Kg2 fxg3 36.
fxg3 Bd6 37. Nc4 Bb4 38. Ne5 Re7 39. d4 Kh7 40. Kf3 Re6 41. Ke4 1-0

[Event "*** Titled Tuesday Blitz"]
[Site "Chess.com"]
[Date "2020.05.12"]
[Round "9"]
[White "2008king"]
[Black "Bubachess1608"]
[Result "0-1"]
[WhiteElo "2111"]
[BlackElo "2304"]
[TimeControl "180+1"]
[EndTime "11:43:23 PDT"]
[Termination "Bubachess1608 won by resignation"]

1. e4 c5 2. Nf3 e6 3. d4 cxd4 4. Nxd4 a6 5. Nc3 Qc7 6. Be3 Nf6 7. f3 Bb4 8. Qd2 d5 9. Bd3 Nbd7 10. O-O Nc5 11.
a3 Nxd3 12. cxd3 Be7 13. Rac1 Qd8 14. e5 Nd7 15. f4 O-O 16. b4 a5 17. b5 Bxa3 18. Ra1 Bb4 19. Rfb1 Nb6 20. Qb2 Bd7 21. Na4 Nxa4 22. Rxa4 Bc5 23. Rba1 Qb6 24. Kh1 Rfc8 25. Bg1 h6 26. Rb1 Rc7 27. Ne2 Bxg1 28. Nxg1 Rac8 29.
Nf3 Qe3 30. h3 Qxd3 31. Rd4 Qc3 32. Qxc3 Rxc3 33. b6 a4 34. Rdd1 a3 35. Ra1 R8c6 36. Rdb1 R3c4 37. Nd2 Ra4 38. Nf3 Ra6 39. Rb3 Rcxb6 40.
Rbxa3 Rxa3 41. Rxa3 Rb4 42. Ra8+ Kh7 43. g3 d4 44. Rd8 Bc6 45. Kg2 Rb2+ 46. Kf1 Bxf3 47.
Rxd4 Bd5 48. Kg1 b5 49. Kf1 b4 0-1

[Event "*** Titled Tuesday Blitz"]
[Site "Chess.com"]
[Date "2020.05.12"]
[Round "9"]
[White "Soltan49"]
[Black "Stewie_89"]
[Result "0-1"]
[WhiteElo "2462"]
[BlackElo "2617"]
[TimeControl "180+1"]
[EndTime "11:43:24 PDT"]
[Termination "Stewie_89 won by checkmate"]

1. e4 Nf6 2. e5 Nd5 3. d4 d6 4.
exd6 cxd6 5. c4 Nb6 6. Nc3 g6 7. Nf3 Bg7 8. Be3 Nc6 9. Rc1 O-O 10. Be2 Bg4 11. b3 e5 12. d5 Ne7 13. O-O Nd7 14. Ng5 Bxe2 15. Qxe2 Nf5 16. Nge4 a6 17. Rfd1 Qe7 18. b4 Nxe3 19. fxe3 f5 20. Nf2 e4 21. Nh3 g5 22. c5 h6 23. c6 Ne5 24. Na4 Rac8 25. Nf2 Kh7 26. Nb6 Rc7 27. a4 bxc6 28.
Qxa6 Rb8 29. a5 g4 30. dxc6 Rxc6 31. Rxc6 Nxc6 32. Qb5 Ne5 33. Qd5 Qg5 34. Qxd6 Rf8 35. a6 Qxe3 36. a7 Nd3 37. Rxd3 Qe1# 0-1

[Event "*** Titled Tuesday Blitz"]
[Site "Chess.com"]
[Date "2020.05.12"]
[Round "9"]
[White "Hikaru"]
[Black "viditchess"]
[Result "1-0"]
[WhiteElo "3248"]
[BlackElo "2960"]
[TimeControl "180+1"]
[EndTime "11:43:26 PDT"]
[Termination "Hikaru won on time"]

1. d4 Nf6 2. c4 e6 3. Nf3 d5 4.
Nc3 Bb4 5. Bd2 O-O 6. e3 b6 7.
cxd5 exd5 8. Bd3 Bd6 9. O-O Re8 10. Nb5 Bf8 11. Ne5 Ba6 12. Rc1 c5 13. a4 Bb7 14.
f4 a6 15. Nc3 Nc6 16. Ne2 Rc8 17. Be1 cxd4 18. exd4 Nb4 19. Bb1 Rxc1 20. Qxc1 Qc8 21. Nc3 Ne4 22. Qd1 f6 23. Nxe4 fxe5 24. fxe5 dxe4 25.
Bxb4 Bxb4 26. Qb3+ Qe6 27. Qxe6+ Rxe6 28. Ba2 Bc8 29. Rc1 Bd7 30. Rc7 Kf8 31. Rxd7 Re7 32. Rd8+ Re8 33. Rxe8+ Kxe8 34. Kf2 Bd2 35. Ke2 Bc1 36. Bb1 Bxb2 37. Ke3 Ke7 38. Kxe4 b5 39. axb5 axb5 40. d5 Kd7 41. Bd3 b4 42. Bb5+ Kc7 43.
Ba4 Bc1 44. d6+ Kb6 45. e6 1-0

[Event "*** Titled Tuesday Blitz"]
[Site "Chess.com"]
[Date "2020.05.12"]
[Round "9"]
[White "PavlovDanila"]
[Black "tsvet2005"]
[Result "1-0"]
[WhiteElo "2686"]
[BlackElo "2489"]
[TimeControl "180+1"]
[EndTime "11:43:26 PDT"]
[Termination "PavlovDanila won by resignation"]

1. e4 c5 2. Nf3 d6 3. d4 cxd4 4. Nxd4 Nf6 5. Nc3 a6 6. Be3 e5 7. Nb3 Be6 8. Qd2 Be7 9. O-O-O Nbd7 10. f4 b5 11. f5 Bc4 12. g4 Nxg4 13. Rg1 Ndf6 14.
Bg5 h6 15. Bh4 Bxf1 16. Rdxf1 b4 17. Na4 Nxe4 18. Qxb4 Bxh4 19. Qxe4 Bg5+ 20. Kb1 Nf6 21. Qc6+ Kf8 22. Rd1 Ne8 23. Nb6 Ra7 24. Nc4 Rc7 25. Qxa6 Be7 26. Nxe5 d5 27. Qa5 Bf6 28. Rxd5 Qc8 29.
c3 Qxf5+ 30. Ka1 Qe6 31. Nd4 Qc8 32. Rd1 Kg8 33. Nb5 Rb7 34. Nd6 Nxd6 35. Rxd6 Kh7 36. Nd7 Be7 37. Qf5+ Kg8 38. Nf6+ gxf6 39. Qxc8+ Kg7 40.
Qxb7 Bxd6 41. Rxd6 Rd8 42. Rxd8 1-0

[Event "*** Titled Tuesday Blitz"]
[Site "Chess.com"]
[Date "2020.05.12"]
[Round "9"]
[White "Perecke"]
[Black "shav3184"]
[Result "0-1"]
[WhiteElo "2199"]
[BlackElo "2341"]
[TimeControl "180+1"]
[EndTime "11:43:26 PDT"]
[Termination "shav3184 won on time"]

1. e4 e5 2. Nf3 Nc6 3. d4 exd4 4. Bc4 Nf6 5. O-O Nxe4 6. Re1 d5 7. Bxd5 Qxd5 8. Nc3 Qa5 9. Nxe4 Be6 10. Bg5 h6 11. Bh4 Bb4 12. Re2 Qh5 13. Nxd4 Qxh4 14. Nxc6 bxc6 15. Qd4 c5 16. Nd6+ cxd6 17. Qxh4 O-O 18. Rd1 d5 19. Re3 Ba5 20. Rg3 Bc7 21. f4 Kh7 22.
Rf3 Bd8 23. Qg3 Bc7 24. h3 d4 25. Qf2 Bd5 26. Rg3 Rfe8 27. c3 Bb6 28. cxd4 cxd4 29.
Kh1 Rad8 30. f5 f6 31. Qf4 Bxa2 32. Qg4 Re7 33. Qg6+ Kh8 34. Qh5 Bf7 35. Qf3 Bc4 36.
Qa3 Rdd7 37. Rg6 Be2 38. Rd2 d3 39. Qc3 Be3 0-1

[Event "*** Titled Tuesday Blitz"]
[Site "Chess.com"]
[Date "2020.05.12"]
[Round "9"]
[White "ChessTraining77"]
[Black "Parkas"]
[Result "1-0"]
[WhiteElo "2548"]
[BlackElo "2418"]
[TimeControl "180+1"]
[EndTime "11:43:27 PDT"]
[Termination "ChessTraining77 won on time"]

1. e4 c5 2. Nf3 Nf6 3. e5 Nd5 4. Nc3 Nxc3 5. dxc3 Nc6 6. Bf4 e6 7. Bd3 d5 8. c4 dxc4 9. Bxc4 Qxd1+ 10. Rxd1 a6 11.
Nd2 Be7 12. Ne4 b5 13. Be2 Bb7 14. f3 Nd4 15. c3 Nxe2 16. Kxe2 Bxe4 17. fxe4 Rd8 18.
a4 Rb8 19. axb5 axb5 20. Ra1 g5 21. Be3 b4 22. Ra7 bxc3 23. bxc3 Rb2+ 24. Kf3 g4+ 25.
Kg3 h5 26. Ra8+ Bd8 27. Bg5 h4+ 28. Kf4 f6 29. Bxf6 O-O 30. Rxd8 Rf2+ 31. Kxg4 Rxf6 32. Rxf8+ Rxf8 33. Kxh4 Rf2 34. g4 Re2 35. Kh5 Rxe4 36. g5 Rxe5 37. h4 Re3 38. Kg6 Rxc3 39. h5 Ra3 40. Rb1 Ra8 41. h6 e5 42. h7+ Kh8 43. Kh6 1-0

[Event "*** Titled Tuesday Blitz"]
[Site "Chess.com"]
[Date "2020.05.12"]
[Round "9"]
[White "dolynachess"]
[Black "Konovalova_Vera"]
[Result "0-1"]
[WhiteElo "2328"]
[BlackElo "2118"]
[TimeControl "180+1"]
[EndTime "11:43:27 PDT"]
[Termination "Konovalova_Vera won on time"]

1. d4 Nf6 2. c4 e6 3. g3 Bb4+ 4. Nd2 d5 5. Bg2 O-O 6. Nf3 c5 7. a3 Bxd2+ 8. Qxd2 Ne4 9. Qc2 cxd4 10. Nxd4 f5 11. O-O Nc6 12. Rd1 Qf6 13. Be3 Bd7 14.
cxd5 exd5 15. Qb3 Qf7 16. Rac1 Na5 17. Qb4 Nc4 18. Bf4 b6 19. Nf3 Rac8 20. Ne5 Nxe5 21. Bxe5 Be6 22. Bd4 Qg6 23. Qe7 Rfe8 24. Qxa7 Qg5 25.
e3 Qg6 26. Qxb6 Qf7 27. h4 Qd7 28. Bf3 Nd6 29. Qb4 Nc4 30. b3 Nd6 0-1

[Event "*** Titled Tuesday Blitz"]
[Site "Chess.com"]
[Date "2020.05.12"]
[Round "9"]
[White "anon102030"]
[Black "etesungam"]
[Result "1-0"]
[WhiteElo "2752"]
[BlackElo "2468"]
[TimeControl "180+1"]
[EndTime "11:43:28 PDT"]
[Termination "anon102030 won on time"]

1. e4 e5 2. Nf3 Nc6 3. Bc4 Bc5 4. c3 Nf6 5. d4 exd4 6. cxd4 Bb4+ 7. Bd2 Bxd2+ 8.
Nbxd2 d5 9. exd5 Nxd5 10. O-O O-O 11. Re1 Bg4 12. h3 Bxf3 13. Nxf3 Nce7 14. Rc1 c6 15.
Qb3 Qb6 16. Re2 Qxb3 17. Bxb3 Rfd8 18. g3 Kf8 19. a4 f6 20. a5 a6 21. Rce1 Rd7 22.
Bc2 Rad8 23. Nd2 g6 24. Ne4 Nf5 25. Nc5 Nxd4 26. Nxd7+ Rxd7 27. Re8+ Kf7 28. Bd1 h5 29. Kg2 h4 30. Rh8 Kg7 31. Rxh4 Nb4 32. Rhe4 Kf7 33. Be2 f5 34. Bc4+ Kf6 35. Re8 f4 36. g4 f3+ 37. Kg3 Nbc2 38. Rf8+ Kg7 39. Ree8 c5 40. g5 Nf5+ 41. Kxf3 Ncd4+ 42. Kg2 Nh4+ 43. Kf1 1-0

[Event "*** Titled Tuesday Blitz"]
[Site "Chess.com"]
[Date "2020.05.12"]
[Round "9"]
[White "The_Machine04"]
[Black "BelaKis"]
[Result "0-1"]
[WhiteElo "2288"]
[BlackElo "2126"]
[TimeControl "180+1"]
[EndTime "11:43:28 PDT"]
[Termination "BelaKis won on time"]

1. d4 Nf6 2. Bg5 c5 3. Bxf6 gxf6 4. d5 d6 5. c4 f5 6. Nc3 Bg7 7. Qc2 e6 8. e3 a6 9. Bd3 Nd7 10. Nh3 Nf6 11. Nf4 Bd7 12. a4 O-O 13. h3 e5 14. g3 exf4 15. gxf4 Ne4 16. Nxe4 fxe4 17. Bxe4 f5 18. Bd3 Qf6 19. O-O-O Kh8 20. Rdg1 Rg8 21. Rg5 Bh6 22. Rh5 Raf8 23. Kb1 Qg6 24. Qe2 Rb8 25. h4 Qf6 26. e4 fxe4 27. Qxe4 Rg7 28. Rg5 Re7 29.
Qf3 b5 30. cxb5 axb5 31. a5 c4 32. Bc2 b4 33. f5 b3 34. Be4 c3 35. bxc3 b2 36.
Qg4 Qxc3 37. Rg1 Bxg5 38. hxg5 Rc8 39. Qf4 Rxe4 0-1

[Event "*** Titled Tuesday Blitz"]
[Site "Chess.com"]
[Date "2020.05.12"]
[Round "9"]
[White "agrigo3"]
[Black "HouseOfDurin"]
[Result "1-0"]
[WhiteElo "2286"]
[BlackElo "2026"]
[TimeControl "180+1"]
[EndTime "11:43:28 PDT"]
[Termination "agrigo3 won on time"]

1. Nf3 c5 2. g3 Nc6 3. Bg2 g6 4. O-O Bg7 5. d3 e5 6. e4 Nge7 7. c3 h6 8. a3 a5 9. a4 O-O 10. Na3 d5 11. Qc2 d4 12. Nc4 Be6 13. Nfd2 Rb8 14. f4 f5 15. exf5 gxf5 16. fxe5 Nxe5 17.
Nxe5 Bxe5 18. Nf3 Bg7 19. c4 Ng6 20. Bd2 Bd7 21. Rae1 Bc6 22. Re2 Qd7 23. Bxa5 b6 24. Bd2 Bxa4 25. Qc1 Kh7 26. Bf4 Rbe8 27. Rfe1 Bc6 28.
Rxe8 Rxe8 29. Rxe8 Qxe8 30. Kf2 Qa8 31. Qe1 Qa2 32. Qe2 Nxf4 33. gxf4 Qb1 34. Bh3 Bd7 35. Nh4 Qc1 36. Kg3 Qg1+ 37. Bg2 Bf6 38. Nf3 Qc1 39. Ne5 Bxe5 40. Qxe5 1-0

[Event "*** Titled Tuesday Blitz"]
[Site "Chess.com"]
[Date "2020.05.12"]
[Round "9"]
[White "mfwagnerpeixoto"]
[Black "Gandrade2"]
[Result "1-0"]
[WhiteElo "2236"]
[BlackElo "2051"]
[TimeControl "180+1"]
[EndTime "11:43:28 PDT"]
[Termination "mfwagnerpeixoto won on time"]

1. e4 c5 2. Nf3 g6 3. c3 d5 4.
exd5 Qxd5 5. d4 Bg7 6. Na3 cxd4 7. Nb5 Qd8 8. Nbxd4 Nf6 9. h3 O-O 10. Be2 Qc7 11. Nb5 Qc6 12. Nfd4 Qd7 13. Nb3 Qc6 14. Na5 Qxg2 15. Bf3 Qxh1+ 16. Bxh1 Na6 17. Be3 Bf5 18.
Bxb7 Rad8 19. Bxa6 Rxd1+ 20. Rxd1 Rb8 21. Bxa7 Ra8 22.
Nc6 Bf8 23. Bb7 Re8 24. Nc7 Bd7 25. Rxd7 Nxd7 26. Nxe8 Bh6 27. Be3 Kf8 28. Bxh6+ Kxe8 29. Nb4 Nc5 30. Bc6+ Kd8 31. Be3 Kc7 32. Bxc5 1-0

[Event "*** Titled Tuesday Blitz"]
[Site "Chess.com"]
[Date "2020.05.12"]
[Round "9"]
[White "Chess2019Player"]
[Black "OMGCovid-19"]
[Result "1-0"]
[WhiteElo "2184"]
[BlackElo "1926"]
[TimeControl "180+1"]
[EndTime "11:43:28 PDT"]
[Termination "Chess2019Player won on time"]

1. e4 e6 2. d4 d5 3. Nd2 Nf6 4. e5 Nfd7 5. Bd3 c5 6. c3 Nc6 7. Ne2 cxd4 8. cxd4 f6 9. exf6 Nxf6 10. Nf3 Bd6 11.
O-O Qc7 12. Bg5 O-O 13. Bh4 Nh5 14. Bg3 Nxg3 15. hxg3 Bd7 16. Rc1 Be8 17. Qc2 h6 18.
Nh4 Bh5 19. Bh7+ Kh8 20. Ng6+ Bxg6 21. Bxg6 Rf6 22. Bd3 Raf8 23. a3 Qb6 24. Qc3 e5 25. Bb1 e4 26. Qe3 Qxb2 27. Rc2 Qxa3 28. Qxa3 Bxa3 29. Ra2 Bd6 30. Rb2 R8f7 31. Ba2 Nb4 32. Bb3 Nd3 33. Ra2 Rxf2 34. Rxf2 Rxf2 35. Bxd5 Rf6 36.
Bxe4 Nb4 37. Rxa7 Rf8 38. Rxb7 Na2 39. Kh2 Nc1 40. Nxc1 Re8 41. Bf3 Re3 42. Ne2 h5 43. Nf4 g5 44. Nxh5 g4 45. Bxg4 1-0

[Event "*** Titled Tuesday Blitz"]
[Site "Chess.com"]
[Date "2020.05.12"]
[Round "9"]
[White "CrushingKings"]
[Black "EugeneRougon"]
[Result "0-1"]
[WhiteElo "2501"]
[BlackElo "2760"]
[TimeControl "180+1"]
[EndTime "11:43:29 PDT"]
[Termination "EugeneRougon won by resignation"]

1. e4 e6 2. Nf3 d5 3. Nc3 d4 4. Ne2 c5 5. Ng3 a6 6. a4 Nc6 7. Bc4 Bd6 8. d3 Nge7 9. O-O Qc7 10. Ne1 Ng6 11. Nh5 f6 12. f4 Qe7 13. Bd2 Bd7 14.
a5 O-O 15. Bb3 Kh8 16. Ng3 f5 17. Qe2 fxe4 18. Qxe4 Rae8 19. Ne2 Nd8 20. Nf3 Bc6 21. Qxg6 hxg6 22. Ng5 Bd5 23. Ba4 Bc6 24. Bb3 Bd5 25.
Ba4 Nf7 26. Bxe8 Qxe8 27. Nh3 Qc6 28. Rf2 Nh6 29. Ng3 Ng4 30. Re2 Qc7 31. b3 Kg8 32. Rae1 Ne3 33. Bxe3 dxe3 34. Rxe3 Bxf4 35. Nxf4 Qxf4 36.
R3e2 Qd4+ 37. Kh1 Rf2 38. c3 Rxe2 39. Nxe2 Qf2 0-1

[Event "*** Titled Tuesday Blitz"]
[Site "Chess.com"]
[Date "2020.05.12"]
[Round "9"]
[White "dosto07"]
[Black "bait_or_mate"]
[Result "0-1"]
[WhiteElo "2122"]
[BlackElo "2454"]
[TimeControl "180+1"]
[EndTime "11:43:29 PDT"]
[Termination "bait_or_mate won on time"]

1. e4 c5 2. Nf3 e6 3. c3 Nf6 4. e5 Nd5 5. Bc4 Nb6 6. Bb3 Nc6 7. d4 cxd4 8. cxd4 d6 9. O-O Be7 10. Nc3 O-O 11. exd6 Bxd6 12. a3 h6 13. Re1 Ne7 14. Bc2 Nf5 15. Qd3 Qf6 16. Ne4 Qg6 17. Nxd6 Nxd6 18. Qxg6 fxg6 19. Bxg6 Nf5 20. Bxf5 exf5 21. Bf4 Nd5 22. Be5 Bd7 23. Rac1 Bc6 24. Bd6 Rfd8 25. Be5 Rd7 26. h4 Re8 27. h5 Rde7 28. Nh4 Bd7 29. Rc5 Nf4 30. Re3 Nxh5 31. Ng6 Re6 32. Rc7 Bc6 33. Nf4 Nxf4 34. Bxf4 g5 35. Rxe6 Rxe6 36. Be5 f4 37. f3 Re8 38. Kf2 Rd8 39. Ke2 Rd7 40.
Rxd7 Bxd7 41. Kd3 Bb5+ 42. Ke4 Bf1 43. g3 fxg3 44. Bxg3 Kf7 45. f4 g4 46. f5 Be2 47.
Bh4 a6 48. Ke5 Bd1 49. f6 Bb3 50. d5 Bc4 51. d6 Be6 0-1

[Event "*** Titled Tuesday Blitz"]
[Site "Chess.com"]
[Date "2020.05.12"]
[Round "9"]
[White "MightyGMpretender"]
[Black "snowlord"]
[Result "1-0"]
[WhiteElo "2596"]
[BlackElo "2737"]
[TimeControl "180+1"]
[EndTime "11:43:30 PDT"]
[Termination "MightyGMpretender won on time"]

1. d4 Nf6 2. c4 e6 3. Nc3 Bb4 4.
Nf3 O-O 5. Bg5 h6 6. Bxf6 Qxf6 7. e3 b6 8. Bd3 Bb7 9. O-O Bxc3 10. bxc3 Bxf3 11. Qxf3 Qxf3 12. gxf3 d6 13. c5 Nd7 14.
cxd6 cxd6 15. a4 d5 16. c4 dxc4 17. Bxc4 Rfc8 18. Rfc1 a6 19. Bd3 Kf8 20. Rxc8+ Rxc8 21. Bxa6 Rc2 22. Bd3 Rc3 23. Bb5 Nf6 24. Ra2 g5 25.
h3 Kg7 26. Kf1 Rc1+ 27. Kg2 Nd5 28. Rb2 Rc3 29. Kg3 Ne7 30. Bd7 Rc7 31. Be8 Kf8 32. Bb5 Nf5+ 33. Kg2 Nh4+ 34. Kg3 Nf5+ 35. Kg4 Rc1 36.
f4 Rg1+ 37. Kf3 Nh4+ 38. Ke4 gxf4 39. Kxf4 Ng6+ 40. Kf3 Nh4+ 41. Ke4 Rh1 42. Bc6 Rxh3 43. Rxb6 Rh1 44. a5 Ra1 45. a6 Kg7 46. Bb7 h5 47.
Kf4 Nf5 48. Kg5 h4 49. Kg4 Rg1+ 50. Kh3 Ra1 51. Rb4 Kh6 52. e4 Nd6 53. Kxh4 Rh1+ 54. Kg3 Rg1+ 55. Kf3 Ra1 56. e5 Nf5 57. Ke4 Kg5 58. Kd3 Kf4 59. Kc4 1-0